 Dungeon Crawl Stone Soup version 0.27.1-34-g3ba077fa99 (webtiles) character file.

Game seed: 2418406465399667308

2284 BoredOne the Fighter (level 9, -1/71 HPs)
             Began as a Djinni Conjurer on Jan 7, 2022.
             Was an Initiate of Makhleb.
             Killed from afar by a gargoyle (19 damage)
             ... with a stone arrow
             ... on level 8 of the Dungeon.
             The game lasted 00:21:06 (8502 turns).

BoredOne the Fighter (Djinni Conjurer)              Turns: 8502, Time: 00:21:06

Health: -1/71      AC:  3    Str:  6    XL:     9   Next: 66%
Gold:   925        EV: 10    Int: 24    God:    Makhleb [......] SH: 12 Dex: 15

rFire    + . .     SeeInvis .   y - +1 dagger (venom)
rCold    . . .     Faith    .   w - +5 kite shield of Charity {Dex+4}
rNeg     . . .     Spirit   .   a - +1 robe
rPois    ∞         Reflect  .   (no helmet)
rElec    .         Harm     .   (no cloak)
rCorr    .         Rampage  .   (no gloves)
Will     .....                  (boots unavailable)
Stlth    ++........             (no amulet)
HPRegen  0.21/turn              q - ring of ice
MPRegen  0.00/turn              (no ring)

@: flying
A: sickness immunity, fire resistance 2, cold vulnerability 1, float, innate
caster, hp casting, extra vitality 1
a: Renounce Religion


You were on level 8 of the Dungeon.
You worshipped Makhleb.
Makhleb was noncommittal.
You visited 2 branches of the dungeon, and saw 9 of its levels.

You collected 1508 gold pieces.
You spent 583 gold pieces at shops.

Inventory:

Hand Weapons
 c - a +3 dagger of draining
 v - a +0 vorpal scythe
 y - a +1 dagger of venom (weapon)
Missiles
 d - 14 poisoned darts
Armour
 a - a +1 robe (worn)
 w - the +5 kite shield of Charity (worn) {Dex+4}
   (You bought it in a shop on level 7 of the Dungeon)

   Dex:       It affects your dexterity (+4).
Jewellery
 m - an amulet of faith
 q - a ring of ice (left hand)
Wands
 l - a wand of charming (3)
 o - a wand of iceblast (29)
 p - a wand of acid (11)
 s - a wand of polymorph (5)
 x - a wand of paralysis (11)
Scrolls
 b - 3 scrolls of enchant weapon
 h - 3 scrolls of vulnerability
 i - 4 scrolls of teleportation
 r - 2 scrolls of fear
 z - a scroll of fog
Potions
 e - a potion of lignification {unknown}
 f - 3 potions of might
 g - 5 potions of curing
 j - 3 potions of magic
 k - 2 potions of haste {unknown}
 n - 2 potions of flight {unknown}
 t - a potion of invisibility {unknown}
 u - a potion of cancellation {unknown}


   Skills:
 * Level 8.4 Fighting
 - Level 2.1 Dodging
 - Level 1.5 Stealth
 + Level 1.8 Shields
 * Level 7.4 Spellcasting


You couldn't memorise any spells.
You knew the following spells:

 Your Spells              Type           Power      Damage    Failure   Level
a - Magic Dart            Conj           100%       1d8       1%          1
b - Searing Ray           Conj           88%        3d6       2%          2
c - Dazzling Flash        Conj/Hex       88%        N/A       5%          3
d - Fulminant Prism       Conj/Hex       22%        3d13      19%         4
e - Iskenderun's Mystic   Conj/Tloc      44%        2d10      19%         4
f - Sandblast             Erth           88%        2d18      1%          1
g - Corpse Rot            Necr/Air       N/A        N/A       2%          2
h - Poisonous Vapours     Pois/Air       88%        N/A       2%          2
i - Ignite Poison         Fire/Tmut/Pois 44%        N/A       5%          3
Your spell library was empty.

Dungeon Overview and Level Annotations

Branches:
Dungeon (8/15)             Temple (1/1) D:5
   Lair: D:8-11

Altars:
Ashenzari
Cheibriados
Gozag
Hepliaklqana
Kikubaaqudgha
Makhleb
Nemelex Xobeh
Okawaru
Qazlal
Sif Muna
Trog
Uskayaw
Vehumet
Xom
Yredelemnul
The Shining One

Shops:
D:7 [


Innate Abilities, Weirdness & Mutations

You are immune to sickness and miasma.
You are immune to poison.
Your flesh is very heat resistant. (rF++)
You are vulnerable to cold. (rC-)
You float through the air rather than walking.
You learn spells naturally, not from books.
Your magical power is your life essence.
You have superior vitality. (+4 HP)


Message History

Casting: Searing Ray (safe; 2% risk of failure)
Confirm with . or Enter, or press ? or * to list all spells.
Restarting spell: Searing Ray (safe; 2% risk of failure)
Press: ? - help, Shift-Dir - straight line, f - gnoll
Aim: a gnoll, wielding a +0 spear (very poisoned, 84% to hit)
Okay, then.
Casting: Searing Ray (safe; 2% risk of failure)
Confirm with . or Enter, or press ? or * to list all spells.
Aiming: Searing Ray (safe; 2% risk of failure)
Press: ? - help, Shift-Dir - straight line The searing ray hits the gnoll!
The gnoll is severely wounded. (Press . to maintain the ray.)
You block the gnoll's attack.
Unknown command.
The searing ray hits the gargoyle.
The gargoyle is moderately damaged.
The searing ray hits the gnoll!
You kill the gnoll!
Makhleb accepts your kill.
The searing ray hits the gnoll shaman.
The gnoll shaman is lightly wounded.
The searing ray hits the gargoyle.
The gargoyle is heavily damaged.
The searing ray hits the gnoll shaman!
The gnoll shaman is heavily wounded.
The gargoyle hits you with a +0 mace of protection!
* * * LOW HITPOINT WARNING * * *
Unknown command.
Okay, then.
As you read the scroll of fear, it crumbles to dust.
You assume a fearsome visage.
The gargoyle is unaffected.
The gnoll shaman looks frightened!
The gnoll looks frightened!
The gargoyle hurls a stone arrow at you.
The stone arrow hits you!
* * * LOW HITPOINT WARNING * * *
You feel better.
The gargoyle hurls a stone arrow at you.
The stone arrow hits you!!
You die...

..## ..# .# ..##.#
..##.# #.##.#
#.##.# #.##.#
####.##.###.###
#..@9)g..g.....
......###.#.###.##
..... #.....# ....
##....# ...
#.....# .. #<..#.#
. #...#.# .9..##./
.).......#


You could see a gargoyle, a gnoll shaman (fleeing) and a gnoll (fleeing).

Vanquished Creatures
  A hornet (D:7)
  Sigmund (D:6)
  A water moccasin (D:6)
  2 sky beasts
  An ice beast (D:7)
  A necrophage (D:7)
  3 ogres
  2 phantoms
  A centaur (D:5)
  2 scorpions
  2 bullfrogs (D:7)
  A water moccasin zombie (D:7)
  A howler monkey (D:5)
  2 centaur zombies
  3 hounds
  A bullfrog skeleton (D:5)
  A bullfrog zombie (D:6)
  A gnoll shaman (D:4)
  3 iguanas
  Ijyb (D:3)
  2 orc wizards (D:7)
  A scorpion zombie (D:5)
  A howler monkey zombie (D:7)
  7 gnolls
  A howler monkey skeleton (D:5)
  4 adders
  3 ufetubi
  An adder skeleton (D:4)
  A worm (D:3)
  2 dart slugs (D:4)
  7 orcs
  3 ball pythons
  5 endoplasms
  3 giant cockroaches
  3 goblins
  9 hobgoblins
  7 kobolds
  6 quokkas
  6 bats
  3 frilled lizards
  9 rats
115 creatures vanquished.

Vanquished Creatures (others)
  A fulminant prism (D:7)
1 creature vanquished.

Grand Total: 116 creatures vanquished

Notes
Turn   | Place    | Note
-------+----------+-------------------------------------------
     0 | D:1      | BoredOne the Djinni Conjurer began the quest for the Orb.
     0 | D:1      | Reached XP level 1. HP: 15/15 MP: 0/0
   252 | D:1      | Reached XP level 2. HP: 19/22 MP: 0/0
   444 | D:1      | Reached skill level 1 in Fighting
   468 | D:1      | Found a faded altar of an unknown god.
   827 | D:1      | Reached XP level 3. HP: 23/27 MP: 0/0
   827 | D:1      | Learned a level 1 spell: Sandblast
  1868 | D:2      | Reached skill level 2 in Fighting
  2305 | D:2      | Reached XP level 4. HP: 32/33 MP: 0/0
  2641 | D:3      | Noticed Ijyb
  2652 | D:3      | Killed Ijyb
  3356 | D:3      | Reached XP level 5. HP: 34/39 MP: 0/0
  3356 | D:3      | Learned a level 2 spell: Corpse Rot
  3573 | D:4      | Reached skill level 3 in Fighting
  3672 | D:4      | Noticed a sky beast
  3683 | D:4      | Killed a sky beast
  3684 | D:4      | Reached XP level 6. HP: 26/47 MP: 0/0
  4125 | D:4      | Reached skill level 4 in Fighting
  4230 | D:4      | Identified a scroll of acquirement
  4230 | D:4      | Acquired 1091 gold pieces
  4315 | D:4      | Reached XP level 7. HP: 45/53 MP: 0/0
  4315 | D:4      | Learned a level 2 spell: Poisonous Vapours
  4651 | D:5      | Entered Level 5 of the Dungeon
  4664 | D:5      | Reached skill level 5 in Spellcasting
  4814 | D:5      | Found a staircase to the Ecumenical Temple.
  4929 | Temple   | Entered the Ecumenical Temple
  5229 | D:5      | Reached skill level 5 in Fighting
  5741 | D:5      | Reached XP level 8. HP: 56/60 MP: 0/0
  5801 | D:5      | Reached skill level 6 in Fighting
  5822 | D:5      | Found a sparkling altar of Nemelex Xobeh.
  6065 | D:5      | Found a burning altar of Makhleb.
  6073 | D:5      | Became a worshipper of Makhleb the Destroyer
  6813 | D:6      | Noticed Sigmund
  6828 | D:6      | Killed Sigmund
  6829 | D:6      | Reached skill level 7 in Fighting
  6829 | D:6      | Reached XP level 9. HP: 23/68 MP: 0/0
  6829 | D:6      | Learned a level 3 spell: Ignite Poison
  7693 | D:7      | Found Ateenti's Armour Shop.
  7701 | D:7      | Bought the +5 kite shield of Charity {Dex+4} for 583 gold
                  | pieces
  7855 | D:7      | Noticed a hornet
  7861 | D:7      | Killed a hornet
  7862 | D:7      | Reached skill level 8 in Fighting
  7862 | D:7      | Reached skill level 1 in Shields
  8141 | D:7      | Found a snail-covered altar of Cheibriados.
  8487 | D:8      | Noticed a gargoyle
  8502 | D:8      | Killed from afar by a gargoyle

Illustrated notes

Levels and vault maps discovered:
D:1:      saegor_arrival_simple_c, layout_basic,
          hellmonk_ecumenical_altar_leap_of_faith, grunt_decor_mini_mirrors
D:2:      layout_loops_corners, serial_forest, infiniplex_forest_clump_diagonal,
          infiniplex_forest_lined_ring, infiniplex_forest_straight_2,
          infiniplex_forest_fountain, infiniplex_forest_clump_curved,
          infiniplex_forest_clump_C, infiniplex_forest_clump_medium,
          infiniplex_forest_lined_2, infiniplex_forest_clump_small
D:3:      layout_basic, minivault_25, uniq_ijyb
D:4:      layout_cave_pods, hangedman_abyss_or_decor_lesser_grid
D:5:      layout_cave_pods, bloody_makhleb, nemelex_dance_club_becter,
          minmay_temple_entry_junction_2, minmay_misc_feat_encased
D:6:      layout_loops_corners, uniq_sigmund
D:7:      layout_gridville, mainiacjoe_overflow_alcove_2, led_sif_book,
          serial_shops, nicolae_shop_temple_entry_statues_fountains
D:8:      layout_basic, minmay_starry_boxes
Temple:   nicolae_temple_x_marks_the_god

Skill      XL: |  1  2  3  4  5  6  7  8  9 |
---------------+----------------------------+-----
Fighting       | 1 2 3 4 5 7 8 |  8.4
Spellcasting   | 4 5 6 7 |  7.4
Shields        | 1 |  1.8
Dodging        | |  2.1
Stealth        | |  1.5

Action                   |  1- 3 |  4- 6 |  7- 9 || total
-------------------------+-------+-------+-------++-------
Melee: Dagger            |       |     6 |     4 ||    10
       Scythe            |       |       |     1 ||     1
 Cast: Magic Dart        |    64 |    64 |    72 ||   200
       Searing Ray       |     2 |    11 |    36 ||    49
       Poisonous Vapours |       |       |    20 ||    20
       Ignite Poison     |       |       |     1 ||     1
       Fulminant Prism   |       |       |     1 ||     1
  Use: Scroll            |       |     9 |     4 ||    13
       Potion            |       |       |     1 ||     1
Armor: Robe              |     1 |     5 |     6 ||    12
Dodge: Dodged            |     3 |     4 |    15 ||    22
Block: Kite shield       |       |       |     4 ||     4
